 Dungeon Crawl Stone Soup version 0.31.0-32-g396128a36d (webtiles) character file.

Game seed: 11784730289416395808

1579 mistmaker the Gusty (level 8, -4/41 HPs)
             Began as a Tengu Air Elementalist on Mar 16, 2024.
             Was a Follower of Vehumet.
             Slain by a human
             ... wielding a +0 war axe
              (11 damage)
             ... in a bailey.
             The game lasted 00:20:33 (8002 turns).

mistmaker the Gusty (Tengu Air Elementalist)        Turns: 8002, Time: 00:20:33

Health: -4/41      AC:  3    Str:  9    XL:     8   Next: 91%
Magic:  14/16      EV: 18    Int: 18    God:    Vehumet [*.....]
Gold:   287        SH:  0    Dex: 14    Spells: 7/17 levels left

rFire   . . .        a - +3 short sword (venom)
rCold   . . .        (no shield)
rNeg    . . .        s - +0 leather armour
rPois   .            (helmet restricted)
rElec   .            (no cloak)
rCorr   .            (no gloves)
SInv    .            (boots unavailable)
Will    +....        n - amulet of regeneration
Stlth   ++           x - ring of willpower
HPRegen 1.06/turn    (no ring)
MPRegen 0.15/turn

%: acrobat
@: flying
A: beak, talons 3, evasive flight, acrobatic
a: Renounce Religion


You were in a bailey.
You worshipped Vehumet.
Vehumet was aware of your devotion.
You visited 1 branch of the dungeon, and saw 7 of its levels.
You also visited: Bailey.

You collected 384 gold pieces.
You spent 97 gold pieces at shops.

Inventory:

Hand Weapons
 a - a +3 short sword of venom (weapon)
Missiles
 i - 16 poisoned darts (quivered)
Armour
 s - a +0 leather armour (worn)
Jewellery
 n - an amulet of regeneration (around neck)
 x - a ring of willpower (left hand)
Wands
 c - a wand of mindburst (26)
 t - a wand of flame (22)
Scrolls
 d - a scroll of amnesia
 g - 8 scrolls of teleportation
 h - 5 scrolls of immolation {unknown}
 j - a scroll of fog {unknown}
 k - a scroll of enchant armour {unknown}
 m - 5 scrolls of identify
 r - a scroll of poison {unknown}
 u - a scroll of torment {unknown}
 y - a scroll of fear {unknown}
Potions
 b - a potion of magic
 e - a potion of berserk rage {unknown}
 f - 3 potions of curing {unknown}
 l - 2 potions of resistance {unknown}
 o - a potion of enlightenment {unknown}
 p - 2 potions of attraction {unknown}
 q - a potion of mutation {unknown}
 v - a potion of haste {unknown}
 w - a potion of heal wounds {unknown}
 z - a potion of degeneration {unknown}


   Skills:
 - Level 4.0 Armour
 + Level 5.9 Dodging
 - Level 2.0 Stealth
 + Level 5.0 Spellcasting
 + Level 6.6 Conjurations
 + Level 7.7 Air Magic


You had 7 spell levels left.
You knew the following spells:

 Your Spells              Type           Power      Damage    Failure   Level
a - Shock                 Conj/Air       100%       1d9       1%          1
b - Static Discharge      Conj/Air       60%        3-6/arc   1%          2
c - Airstrike             Air            16%        2d(3-19)  8%          4
i - Swiftness             Air            32%        N/A       2%          3

Your spell library contained the following spells:

 Spells                   Type           Power      Damage    Failure   Level
 Foxfire                  Conj/Fire      64%        2x1d7     4%          1
 Kiss of Death            Conj/Necr      64%        2d10      4%          1
 Hailstorm                Conj/Ice       16%        3d6       14%         3
 Slow                     Hex            16%        N/A       19%         1
 Arcjolt                  Conj/Air       15%        1d25      26%         5
 Summon Lightning Spire   Summ/Air       18%        N/A       36%         4
 Vhi's Electric Charge    Tloc/Air       36%        N/A       36%         4
 Fulminant Prism          Conj/Alch      8%         3d7       41%         4
 Iskenderun's Mystic Bla  Conj/Tloc      16%        2d5       41%         4
 Confusing Touch          Hex            4%         N/A       47%         3
 Sigil of Binding         Hex            4%         N/A       47%         3
 Summon Ice Beast         Ice/Summ       4%         N/A       47%         3
 Vampiric Draining        Necr           4%         2d6       47%         3
 Volatile Blastmotes      Fire/Tloc      8%         2d10      47%         3
 Dispel Undead            Necr           4%         3d7       87%         4
 Sculpt Simulacrum        Ice/Alch       2%         N/A       100%        6
 Maxwell's Capacitive Co  Air            16%        ∞         100%        8


Dungeon Overview and Level Annotations

Branches:
Dungeon (7/15)             Temple (0/1) D:5          Bailey (1/1)

Altars:
Dithmenos
Elyvilon
Hepliaklqana
Makhleb
Nemelex Xobeh
Okawaru
Ru
Uskayaw
Vehumet
Wu Jian

Shops:
D:7 ?


Innate Abilities, Weirdness & Mutations

You have a beak for a mouth.
You have claws for feet.
Your magical flight helps you evade attacks. (EV +4)
You can magically evade attacks while moving or waiting.


Message History

Vehumet accepts your kill.
You are struck by an arc of lightning.
Your Spellcasting skill increases to level 5!
Casting: Static Discharge (safe; 1% risk of failure)
Confirm with . or Enter, or press ? or * to list all spells.
The human is struck by an arc of lightning.
The human is lightly wounded.
You are struck by an arc of lightning.
The human is struck by an arc of lightning.
The human is moderately wounded.
The lightning grounds out.
Casting: Static Discharge (safe; 1% risk of failure)
Confirm with . or Enter, or press ? or * to list all spells.
The human is struck by an arc of lightning!
The human is heavily wounded.
You are struck by an arc of lightning.
* * * LOW HITPOINT WARNING * * *
The human is struck by an arc of lightning!
The human is moderately wounded.
You are struck by an arc of lightning.
* * * LOW HITPOINT WARNING * * *
The lightning grounds out.
The human hits you with a +0 war axe.
* * * LOW HITPOINT WARNING * * *
Magic courses through your body. The human barely misses you. x2
Casting: Static Discharge (safe; 1% risk of failure)
Confirm with . or Enter, or press ? or * to list all spells.
The human is struck by an arc of lightning!
The human is heavily wounded.
The human is struck by an arc of lightning.
You are struck by an arc of lightning.
* * * LOW HITPOINT WARNING * * *
The human is struck by an arc of lightning.
The human is severely wounded.
The lightning grounds out.
The human is struck by an arc of lightning!
The human is almost dead.
You are struck by an arc of lightning.
* * * LOW HITPOINT WARNING * * *
The lightning grounds out.
The human hits you with a +0 war axe!
You die...

#.. #.p#
##+##
#...##~~~##
#.p.#~~~~~#
#...#~~~~~#
.g.#@p†~~#
#'#p#~~##
##..)####
#.....#
#.∩.∩.#
#.....#
##...##
#####


You could see 2 humans.

Vanquished Creatures
  A troll (D:6)
  A human (Bailey)
  Eustachio (D:4)
  An orc warrior (D:6)
  A sky beast (D:7)
  2 bullfrogs (Bailey)
  A scorpion (D:5)
  2 hounds
  3 bombardier beetles
  3 jellies
  A gnoll bouda (D:7)
  Natasha (thrice) (D:4)
  2 iguanas (D:4)
  3 orc wizards
  Robin (D:4)
  5 gnolls
  6 adders
  A white imp (D:6)
  4 ribbon worms
  5 dart slugs
  6 orcs
  8 ball pythons
  3 bats
  3 endoplasms
  2 giant cockroaches
  14 goblins
  11 hobgoblins
  2 jackals (D:2)
  4 quokkas
  8 frilled lizards
  9 kobolds
  3 rats (D:1)
120 creatures vanquished.

Notes
Turn   | Place    | Note
-------+----------+-------------------------------------------
     0 | D:1      | mistmaker the Tengu Air Elementalist began the quest for
                  | the Orb.
     0 | D:1      | Reached XP level 1. HP: 10/10 MP: 4/4
   230 | D:1      | Reached XP level 2. HP: 15/15 MP: 1/6
   707 | D:1      | Reached XP level 3. HP: 19/19 MP: 2/7
   710 | D:1      | Learned a level 2 spell: Static Discharge
   714 | D:1      | Learned a level 3 spell: Swiftness
  1658 | D:2      | Found a faded altar of an unknown god.
  1869 | D:2      | Found a radiant altar of Vehumet.
  1877 | D:2      | Became a worshipper of Vehumet
  2420 | D:2      | Reached XP level 4. HP: 23/24 MP: 6/8
  2691 | D:2      | You fall into a shaft and drop 1 floor!
  3202 | D:3      | Reached skill level 5 in Air Magic
  3354 | D:3      | Found a radiant altar of Vehumet.
  3354 | D:3      | Found a sacrificial altar of Ru.
  3377 | D:3      | Found a hide-covered altar of Uskayaw.
  3379 | D:3      | Found a shadowy altar of Dithmenos.
  3380 | D:3      | Found a burning altar of Makhleb.
  3383 | D:3      | Found an ornate altar of the Wu Jian Council.
  3387 | D:3      | Found a white marble altar of Elyvilon.
  3774 | D:4      | Reached XP level 5. HP: 28/28 MP: 8/10
  3792 | D:4      | Noticed Robin
  3865 | D:4      | Noticed Natasha
  3873 | D:4      | Killed Natasha
  4062 | D:4      | Noticed Eustachio
  4075 | D:4      | Killed Eustachio
  4076 | D:4      | Reached skill level 1 in Armour
  4076 | D:4      | Reached XP level 6. HP: 14/32 MP: 0/11
  4194 | D:4      | Killed Robin
  4276 | D:4      | Noticed Natasha
  4282 | D:4      | Killed Natasha
  4346 | D:4      | Found an iron altar of Okawaru.
  4526 | D:4      | Noticed Natasha
  4821 | D:4      | Killed Natasha
  4822 | D:4      | Gained mutation: Your magical flight helps you evade
                  | attacks. (EV +4) [Tengu growth]
  4822 | D:4      | Reached XP level 7. HP: 28/36 MP: 8/13
  4827 | D:4      | Learned a level 4 spell: Airstrike
  5197 | D:5      | Entered Level 5 of the Dungeon
  5316 | D:5      | Reached * piety under Vehumet
  5316 | D:5      | Offered knowledge of Foxfire by Vehumet.
  5317 | D:5      | Reached skill level 6 in Air Magic
  5437 | D:5      | Found a staircase to the Ecumenical Temple.
  5613 | D:5      | Found a sparkling altar of Nemelex Xobeh.
  6099 | D:5      | Reached skill level 5 in Conjurations
  6251 | D:6      | Noticed a troll
  6822 | D:6      | Reached XP level 8. HP: 41/41 MP: 11/15
  7122 | D:6      | Reached skill level 5 in Dodging
  7343 | D:6      | Killed a troll
  7344 | D:6      | Reached skill level 7 in Air Magic
  7822 | D:7      | Found Rajumpas's Magic Scroll Shoppe.
  7836 | D:7      | Bought a scroll of revelation for 97 gold pieces
  7836 | D:7      | Found a hazy altar of Hepliaklqana.
  7890 | D:7      | Found a flagged portal.
  7900 | Bailey   | Entered a bailey
  7999 | Bailey   | Reached skill level 5 in Spellcasting
  8002 | Bailey   | Slain by a human

Illustrated notes

Levels and vault maps discovered:
D:1:      lightli_arrival_lavapool, layout_basic, serial_bayou_pond_b,
          minmay_crystal_room, chequers_serial_rivers_large_b
D:2:      layout_basic, basic_altar, ebering_ecumenical_altar_abandoned,
          cheibrodos_gnoll_hut
D:3:      layout_basic, nicolae_overflow_hallway_of_the_gods
D:4:      layout_rooms, mainiacjoe_overflow_24_doors, grunt_ministairs_8,
          uniq_eustachio, uniq_natasha, uniq_robin
D:5:      layout_basic, nemelex_xobeh_ov_fountains_minmay,
          minmay_temple_entry_antechambers
D:6:      layout_loops_ring
D:7:      layout_basic, mainiacjoe_overflow_surrounded_room, serial_shops,
          nicolae_shop_waterfront, enter_bailey_6
Bailey:   bailey_axe_froggy_fort_hellmonk, bailey

Skill      XL: |  1  2  3  4  5  6  7  8 |
---------------+-------------------------+-----
Conjurations   | 2 3 4 5 6 |  6.6
Dodging        | 3 4 5 |  5.9
Air Magic      | 5 6 7 |  7.7
Armour         | 1 2 3 4 |  4.0
Spellcasting   | 3 4 5 |  5.0
Stealth        | |  2.0

Action                     |  1- 3 |  4- 6 |  7- 9 || total
---------------------------+-------+-------+-------++-------
  Melee: Dagger            |     4 |       |       ||     4
         Short sword       |       |     5 |     9 ||    14
         Kick              |       |     2 |     4 ||     6
         Peck              |       |       |     4 ||     4
  Throw: Dart              |       |       |    10 ||    10
   Cast: Shock             |    91 |    89 |    55 ||   235
         Static Discharge  |       |     9 |    34 ||    43
         Swiftness         |       |       |     1 ||     1
         Airstrike         |       |       |     1 ||     1
    Use: Scroll            |       |       |     3 ||     3
         Potion            |       |       |     1 ||     1
 Armour: Robe              |     3 |     5 |       ||     8
         Leather armour    |       |    38 |    62 ||   100
  Dodge: Dodged            |    10 |    35 |    56 ||   101
